 Dungeon Crawl Stone Soup version 0.19.0-9-gfd783f2 (webtiles) character file.

132 Chiseanne the Ducker (level 4, -5/46 HPs)
             Began as a High Elf Artificer on Nov 7, 2016.
             Slain by a swamp drake (6 damage)
             ... on level 4 of the Dungeon.
             The game lasted 00:06:33 (3568 turns).

Chiseanne the Ducker (High Elf Artificer)           Turns: 3568, Time: 00:06:34

Health: -5/46      AC: 22    Str: 11    XL:     4   Next: 92%
Magic:  7/7        EV:  2    Int: 21    God:
Gold:   89         SH:  0    Dex: 15    Spells: 0 memorised, 3 levels left

rFire  . . .     SeeInvis .     a - +1 short sword
rCold  . . .     Gourm    .     (armour currently unavailable)
rNeg   + + +     Faith    .     (no shield)
rPois  +         Spirit   .     (helmet currently unavailable)
rElec  .         Reflect  .     (cloak currently unavailable)
rCorr  .         Harm     .     (gloves currently unavailable)
MR     .....     NoTele   +     (boots currently unavailable)
Stlth  ++........               (no amulet)
                                (no ring)
                                (no ring)

@: brilliant, tree-form
A: no striking features
a: no special abilities


You were on level 4 of the Dungeon.
You were not hungry.
You were a tree.
You visited 1 branch of the dungeon, and saw 4 of its levels.

You collected 89 gold pieces.

Inventory:

Hand Weapons
 a - a +1 short sword (weapon)
Missiles
 g - 23 stones (quivered)
 h - 39 sling bullets
 i - 5 poisoned needles
 r - 40 arrows
Armour
 y - a +1 scale mail (melded)
Jewellery
 b - an uncursed ring of flight
Wands
 c - a wand of flame (8/48)
 d - a wand of enslavement (20/24)
 e - a wand of random effects (9/48)
Scrolls
 l - a scroll of enchant weapon
Potions
 k - a potion of heal wounds {unknown}
 m - a potion of brilliance
 t - a potion of cancellation {unknown}
 u - 2 potions of ambrosia {unknown}
Comestibles
 f - 4 bread rations
 s - a beef jerky
 x - a meat ration
 z - a royal jelly


   Skills:
 * Level 3.4 Fighting
 - Level 1.2 Short Blades
 * Level 1.5 Armour
 * Level 3.5 Dodging
 - Level 1.1 Stealth
 - Level 3.0 Evocations


You had 3 spell levels left.
You didn't know any spells.

Dungeon Overview and Level Annotations

Branches:
Dungeon (4/15)
 Temple: D:4-7

Altars:
Okawaru

Annotations:
D:3 JustSomeDude's ghost, amateur DsNe


Message History

Press: ? - help, Shift-Dir - straight line, f/p - swamp drake
Aim: a swamp drake (noxious fumes, lightly wounded, catching its breath) This wand has 10 charges left.
You are engulfed in noxious fumes.
You choke on the stench!
You are more confused.
* * * LOW HITPOINT WARNING * * *
The swamp drake bites you but does no damage.
Evoke which item? (* to show all) (? for menu, Esc to quit)
Zapping:
e - a wand of random effects (10/48)
Press: ? - help, Shift-Dir - straight line, f/p - swamp drake
Aim: a swamp drake (lightly wounded, catching its breath) This wand has 9 charges left.
The swamp drake bites you.
* * * LOW HITPOINT WARNING * * *
It was a potion of brilliance.
You feel clever all of a sudden.
You feel less confused. The swamp drake barely misses you.
It was a potion of lignification.
You turn into a tree.
Your +1 scale mail melds into your body.
Your roots penetrate the ground.
The swamp drake bites you.
You die...

#.# #.# #.#
#.# .. #.#
#.#.
#.#####.!...
#.##.†....#
##.##k####.#.
#...♣........
#####.####.#.
#.# ... #.##
#.. ###


You could see a swamp drake.

Vanquished Creatures
  A hound (D:4)
  A gnoll (D:4)
  An adder (D:4)
  An ooze (D:1)
  3 dart slugs (D:1)
  2 leopard geckos (D:1)
  A ball python (D:1)
  2 giant cockroaches
  5 goblins
  8 hobgoblins
  5 jackals (D:1)
  2 bats (D:1)
  2 frilled lizards
  9 kobolds
  6 rats
49 creatures vanquished.

Vanquished Creatures (collateral kills)
  A gnoll (D:4)
  A kobold (D:1)
2 creatures vanquished.

Vanquished Creatures (others)
  A worker ant (D:4)
  2 gnolls (D:4)
3 creatures vanquished.

Grand Total: 54 creatures vanquished

Notes
Turn   | Place    | Note
-------+----------+-------------------------------------------
     0 | D:1      | Chiseanne the High Elf Artificer began the quest for the Orb.
     0 | D:1      | Reached XP level 1. HP: 13/13 MP: 4/4
   381 | D:1      | Reached XP level 2. HP: 19/19 MP: 5/5
   833 | D:1      | Reached XP level 3. HP: 18/25 MP: 6/6
  1991 | D:2      | Found a faded altar of an unknown god.
  2638 | D:3      | Found an iron altar of Okawaru.
  2638 | D:3      | Noticed JustSomeDude's ghost (amateur DsNe)
  2727 | D:3      | Reached skill level 1 in Armour
  3011 | D:4      | Reached XP level 4. HP: 6/31 MP: 7/7
  3562 | D:4      | Noticed a swamp drake
  3562 | D:4      | an iguana changed into a swamp drake
  3566 | D:4      | HP: 1/31 [swamp drake (5)]
  3568 | D:4      | Slain by a swamp drake

Skill      XL: |  1  2  3 |
---------------+----------+-----
Fighting       | 2 3 |  3.4
Dodging        | 3 |  3.5
Armour         | 1 |  1.5
Short Blades   | |  1.2
Stealth        | |  1.1
Evocations     | |  3.0

Action                   |  1- 3 |  4- 6 || total
-------------------------+-------+-------++-------
Melee: Short sword       |   219 |    25 ||   244
Evoke: Wand              |     6 |    17 ||    23
  Use: Scroll            |     2 |     6 ||     8
       Potion            |       |     2 ||     2
 Stab: Sleeping          |     2 |       ||     2
       Paralysed         |       |     1 ||     1
  Eat: Chunk             |     4 |     2 ||     6
       Fruit             |     3 |       ||     3
Armor: Leather armour    |    26 |       ||    26
       Plate armour      |    70 |       ||    70
       Scale mail        |     7 |    11 ||    18
Dodge: Dodged            |   108 |    18 ||   126
